 Dungeon Crawl Stone Soup version 0.21-a0-215-g0631661 (webtiles) character file.

9345 Ijustatesigmund the Fighter (level 11, -11/102 HPs)
             Began as a Minotaur Fighter on Aug 21, 2017.
             Was a High Priest of Cheibriados.
             Mangled by a red ugly thing (17 damage)
             ... on level 11 of the Dungeon on Aug 22, 2017.
             The game lasted 00:29:09 (8403 turns).

Ijustatesigmund the Fighter (Minotaur Fighter)      Turns: 8403, Time: 00:29:09

Health: -11/102    AC: 10    Str: 32    XL:     11   Next: 21%
Magic:  11/16      EV: 13    Int: 16    God:    Cheibriados [*****.]
Gold:   372        SH: 17    Dex: 24    Spells: 8/10 levels left

rFire    . . .     SeeInvis +   E - +7 hand axe of Hideynn {chop, +Blink rElec SInv Stlth+}
rCold    . . .     Gourm    .   c - +1 shield
rNeg     + . .     Faith    .   O - +1 troll leather armour
rPois    .         Spirit   .   (helmet restricted)
rElec    +         Reflect  .   (no cloak)
rCorr    +         Harm     .   (no gloves)
MR       .....                  x - +1 pair of boots
Stlth    +++.......             (no amulet)
HPRegen  0.67/turn              j - ring of positive energy
MPRegen  0.15/turn              m - ring of resist corrosion

@: lethally poisoned (-11 -> -26), very slow
A: retaliatory headbutt, horns 2, large bone plates 1, molten scales 1
a: Bend Time, Temporal Distortion, Slouch, Step From Time, Renounce Religion,
Evoke Blink


You were on level 11 of the Dungeon.
You worshipped Cheibriados.
Cheibriados was extremely pleased with you.
You were hungry.

You visited 1 branch of the dungeon, and saw 11 of its levels.
You also visited: Ossuary.

You collected 462 gold pieces.
You spent 90 gold pieces at shops.

Inventory:

Hand Weapons
 a - a +1 war axe
 l - the +7 whip of Eternal Vigilance {freeze, rPois rC- Int+3 SInv}
   (You found it on level 4 of the Dungeon)

   It has been specially enchanted to freeze those struck by it, causing extra
   injury to most foes and up to half again as much damage against particularly
   susceptible opponents.
   It can also slow down cold-blooded creatures.
   It affects your intelligence (+3).
   It makes you vulnerable to cold.
   It protects you from poison.
   It lets you see invisible.
 E - the +7 hand axe of Hideynn (weapon) {chop, +Blink rElec SInv Stlth+}
   (You found it on level 7 of the Dungeon)

   It inflicts extra damage upon your enemies.
   It insulates you from electricity.
   It lets you see invisible.
   It lets you blink.
   It makes you more stealthy.
Armour
 c - a +1 shield (worn)
 x - a +1 pair of boots (worn)
 O - a +1 troll leather armour (worn)
Jewellery
 j - a ring of positive energy (left hand)
 m - a ring of resist corrosion (right hand)
 u - an uncursed ring of wizardry
Wands
 w - a wand of flame (19/48)
 y - a wand of clouds (5/9)
 C - a wand of digging (8/24)
 F - a wand of iceblast (8/15)
 N - a wand of clouds (4/9)
Scrolls
 b - a scroll of identify
 h - 2 scrolls of recharging
 o - 5 scrolls of immolation
 p - 3 scrolls of remove curse
 s - a scroll of fear
 t - 3 scrolls of enchant weapon
 A - 2 scrolls of magic mapping
 K - 4 scrolls of teleportation
 L - a scroll of fog {unknown}
Potions
 d - 2 potions of might
 e - 2 potions of brilliance
 i - 3 potions of curing
 n - 2 potions of resistance
 q - 2 potions of magic
 v - 2 potions of agility
 z - 2 potions of flight
 D - a potion of mutation
 I - a potion of invisibility
 J - 3 potions of heal wounds
 M - a potion of lignification
Books
 k - a book of Maledictions

   Spells                             Type                      Level
   a - Corona                         Hexes                        1
   b - Ensorcelled Hibernation        Hexes/Ice                    2
   c - Confuse                        Hexes                        3
   d - Tukima's Dance                 Hexes                        3
   e - Dazzling Spray                 Conjuration/Hexes            3
 r - a book of Cantrips

   Spells                             Type                      Level
   a - Confusing Touch                Hexes                        1
   b - Animate Skeleton               Necromancy                   1
   c - Summon Small Mammal            Summoning                    1
   d - Apportation                    Translocation                1
 B - a book of Transfigurations

   Spells                             Type                      Level
   a - Irradiate                      Conjuration/Transmutation    5
   b - Statue Form                    Transmutation/Earth          6
   c - Hydra Form                     Transmutation                6
   d - Dragon Form                    Transmutation                7
 H - a book of Minor Magic

   Spells                             Type                      Level
   a - Magic Dart                     Conjuration                  1
   b - Blink                          Translocation                2
   c - Call Imp                       Summoning                    2
   d - Slow                           Hexes                        2
   e - Conjure Flame                  Conjuration/Fire             3
   f - Mephitic Cloud                 Conjuration/Poison/Air       3
Comestibles
 f - 5 bread rations
 g - 7 meat rations
 G - 2 royal jellies


   Skills:
 - Level 11.5 Fighting
 - Level 11.4 Axes
 - Level 5.8 Armour
 - Level 3.8 Dodging
 - Level 5.3 Shields
 + Level 2.7 Conjurations
 + Level 2.6 Translocations
 - Level 8.0 Invocations


You had 8 spell levels left.
You knew the following spells:

 Your Spells              Type           Power        Failure   Level  Hunger
a - Apportation           Tloc           #.....       32%         1    ##.....
b - Magic Dart            Conj           #...         30%         1    ##.....


Dungeon Overview and Level Annotations

Branches:
Dungeon (11/15)            Temple (0/1) D:6            Lair (0/6) D:10
    Orc (0/2) D:10

Altars:
Ashenzari
Cheibriados
Elyvilon
Fedhas
Nemelex Xobeh
Okawaru
Qazlal
Ru
Uskayaw
Xom
Yredelemnul
The Shining One

Shops:
D:5 :   D:8 ?


Innate Abilities, Weirdness & Mutations

You reflexively headbutt those who attack you in melee.
You have a pair of horns on your head.
You are partially covered in large bone plates. (SH +4)
You are partially covered in molten scales. (AC +2)


Message History

You block the green ugly thing's attack.
You block the red ugly thing's attack.
You see here 15 stones.
You feel very sick.
You block the green ugly thing's attack.
The red ugly thing tail-slaps you!
* * * LOW HITPOINT WARNING * * *
You are engulfed in flames!
* * * LOW HITPOINT WARNING * * *
There is an open door here.
You can feel time thicken for a moment.
You are feeling hungry.
Cheibriados lowers the support of your attributes as your movement quickens.
* * * LOW HITPOINT WARNING * * *
You feel sick.
The green ugly thing headbutts you but does no damage.
The red ugly thing tail-slaps you!
* * * LOW HITPOINT WARNING * * *
You are engulfed in flames!
You die...

############ ####+#####
...........######.........
.......>...'....#.........
...........####.#u........
...........# #.@u........
....)......# ###.......?.
...........# #.........
#'########## #.........
#..### ########## ##...###
###.^.# ###.# #


You could see 2 ugly things.

Vanquished Creatures
  Fannar (D:10)
  2 two-headed ogres (D:9)
  A manticore (D:7)
  Joseph (D:7)
  Psyche (D:9)
  A gargoyle (D:11)
  A troll (D:10)
  Grinder (D:5)
  Prince Ribbit (D:5)
  A hippogriff (D:7)
  A vampire (D:9)
  A hungry ghost (D:9)
  A water moccasin (D:10)
  Duvessa (D:4)
  3 orc warriors
  Purgy (D:4)
  3 ice beasts
  5 sky beasts
  3 black bears
  A necrophage (D:5)
  3 ogres
  4 centaurs
  2 big kobolds (D:7)
  Blork the orc (D:4)
  5 bullfrogs
  Dowan (D:4)
  4 scorpions
  11 killer bees
  A wight (D:7)
  3 crimson imps
  2 bullfrog zombies
  3 quasits
  5 hounds
  2 orc priests (D:7)
  A jelly (D:6)
  10 orc wizards
  4 iguanas
  7 worker ants
  A bullfrog skeleton (D:5)
  Terence (D:2)
  5 big kobold zombies (Ossuary)
  2 hound skeletons
  A mummy (Ossuary)
  2 howler monkey zombies
  2 worker ant zombies
  7 gnolls
  8 adders
  A shadow imp (D:5)
  An adder skeleton (D:9)
  3 worms
  A dart slug (D:2)
  8 leopard geckos
  32 orcs
  7 spectral bats (Ossuary)
  3 ball pythons
  2 giant cockroaches
  6 goblins
  4 hobgoblins
  10 jackals
  12 kobolds
  A quokka (D:7)
  14 bats
  4 bat simulacra (Ossuary)
  4 frilled lizards
  A giant cockroach zombie (D:5)
  6 gnoll zombies (Ossuary)
  2 goblin simulacra (Ossuary)
  4 goblin zombies (Ossuary)
  2 hobgoblin zombies (Ossuary)
  2 jackal zombies
  10 kobold simulacra (Ossuary)
  5 kobold zombies (Ossuary)
  3 leopard gecko skeletons
  A leopard gecko zombie (D:5)
  5 orc zombies
  A quokka skeleton (D:7)
  10 rats
  A rat simulacrum (Ossuary)
  3 spectral goblins (Ossuary)
  3 spectral kobolds (Ossuary)
  2 spectral rats (Ossuary)
303 creatures vanquished.

Vanquished Creatures (others)
  A gnoll zombie (Ossuary)
  A goblin zombie (Ossuary)
  2 kobold zombies (Ossuary)
4 creatures vanquished.

Grand Total: 307 creatures vanquished

Notes
Turn   | Place    | Note
-------+----------+-------------------------------------------
     0 | D:1      | Ijustatesigmund the Minotaur Fighter began the quest for the Orb.
     0 | D:1      | Reached XP level 1. HP: 19/19 MP: 0/0
   101 | D:1      | Reached XP level 2. HP: 27/27 MP: 1/1
   412 | D:1      | Reached XP level 3. HP: 33/33 MP: 2/2
   851 | D:2      | Reached XP level 4. HP: 29/41 MP: 3/3
  1128 | D:2      | Noticed Terence
  1131 | D:2      | Killed Terence
  1131 | D:2      | Reached skill level 5 in Axes
  1349 | D:3      | Reached XP level 5. HP: 36/47 MP: 4/4
  1412 | D:3      | Found a glowing golden altar of the Shining One.
  1461 | D:3      | Reached skill level 5 in Fighting
  1538 | D:3      | Reached skill level 1 in Dodging
  1842 | D:4      | Got a smoking whip
  1843 | D:4      | Identified the +7 whip of Eternal Vigilance {freeze, rPois rC- Int+3 SInv} (You found it on level 4 of the Dungeon)
  1867 | D:4      | Noticed Dowan
  1868 | D:4      | Noticed Duvessa
  1877 | D:4      | Killed Duvessa
  1877 | D:4      | Reached XP level 6. HP: 41/56 MP: 5/5
  1901 | D:4      | Found a snail-covered altar of Cheibriados.
  1901 | D:4      | Found a sparkling altar of Nemelex Xobeh.
  1903 | D:4      | Found a stormy altar of Qazlal.
  1969 | D:4      | Noticed Purgy
  1980 | D:4      | Killed Purgy
  1983 | D:4      | Found a shattered altar of Ashenzari.
  1983 | D:4      | Found a sacrificial altar of Ru.
  1984 | D:4      | Found a basalt altar of Yredelemnul.
  2006 | D:4      | Found an iron altar of Okawaru.
  2011 | D:4      | Killed Dowan
  2074 | D:4      | Found a hide-covered altar of Uskayaw.
  2111 | D:4      | Noticed Blork the orc
  2120 | D:4      | Killed Blork the orc
  2219 | D:4      | Reached XP level 7. HP: 46/62 MP: 6/6
  2235 | D:4      | Found a sand-covered staircase.
  2244 | Ossuary  | Entered an ossuary
  2348 | Ossuary  | Reached skill level 5 in Armour
  2568 | Ossuary  | Reached skill level 5 in Shields
  2714 | Ossuary  | Gained mutation: Your spells are a little easier to cast, but a little less powerful. [potion of mutation]
  2714 | Ossuary  | Gained mutation: You are resistant to electric shocks. (rElec) [potion of mutation]
  2715 | Ossuary  | Lost mutation: You are resistant to electric shocks. (rElec) [potion of mutation]
  2715 | Ossuary  | Lost mutation: Your spells are a little easier to cast, but a little less powerful. [potion of mutation]
  2715 | Ossuary  | Gained mutation: You are partially covered in molten scales. (AC +2) [potion of mutation]
  2715 | Ossuary  | Gained mutation: You are partially covered in large bone plates. (SH +4) [potion of mutation]
  2887 | D:5      | Entered Level 5 of the Dungeon
  2916 | D:5      | Noticed Grinder
  2925 | D:5      | Killed Grinder
  2958 | D:4      | Became a worshipper of Cheibriados the Contemplative
  3081 | D:5      | Reached XP level 8. HP: 71/71 MP: 7/7
  3181 | D:5      | Found a white marble altar of Elyvilon.
  3200 | D:5      | Noticed Prince Ribbit
  3207 | D:5      | Killed Prince Ribbit
  3207 | D:5      | Reached skill level 1 in Invocations
  3442 | D:5      | Found Meastriot's Book Shop.
  3874 | D:5      | Reached * piety under Cheibriados
  3984 | D:6      | Found a staircase to the Ecumenical Temple.
  4064 | D:6      | Learned a level 1 spell: Apportation
  4539 | D:6      | Reached XP level 9. HP: 81/81 MP: 11/11
  4588 | D:7      | Upgraded the game from 0.21-a0-210-gbfa5647 to 0.21-a0-215-g0631661
  4791 | D:7      | Noticed a manticore
  4843 | D:7      | Killed a manticore
  4858 | D:7      | Reached skill level 5 in Invocations
  4859 | D:7      | Reached ** piety under Cheibriados
  4911 | D:7      | Found a blossoming altar of Fedhas.
  4943 | D:7      | Noticed Joseph
  4956 | D:7      | Killed Joseph
  5379 | D:7      | Got a bone hand axe
  5380 | D:7      | Identified the +7 hand axe of Hideynn {chop, +Blink rElec SInv Stlth+} (You found it on level 7 of the Dungeon)
  5780 | D:8      | Reached skill level 10 in Fighting
  5785 | D:8      | Reached *** piety under Cheibriados
  5815 | D:7      | Reached XP level 10. HP: 68/93 MP: 13/13
  5817 | D:7      | Reached skill level 10 in Axes
  6109 | D:8      | Found a shimmering altar of Xom.
  6147 | D:8      | Found Xiahod's Magic Scroll Shoppe.
  6152 | D:8      | Bought a scroll of identify for 30 gold pieces
  6152 | D:8      | Bought a scroll of identify for 30 gold pieces
  6152 | D:8      | Bought a scroll of identify for 30 gold pieces
  7045 | D:9      | Reached **** piety under Cheibriados
  7069 | D:9      | Noticed Psyche
  7078 | D:9      | Killed Psyche
  7323 | D:9      | Noticed a two-headed ogre
  7328 | D:9      | Killed a two-headed ogre
  7593 | D:9      | Noticed a two-headed ogre
  7597 | D:9      | Killed a two-headed ogre
  7630 | D:9      | Learned a level 1 spell: Magic Dart
  7704 | D:10     | Entered Level 10 of the Dungeon
  7704 | D:10     | Noticed Fannar
  7720 | D:10     | Found a staircase to the Lair.
  7721 | D:10     | Killed Fannar
  7721 | D:10     | Reached skill level 1 in Conjurations
  7721 | D:10     | Reached skill level 1 in Translocations
  7721 | D:10     | Reached XP level 11. HP: 64/102 MP: 16/16
  8023 | D:10     | Reached ***** piety under Cheibriados
  8105 | D:10     | Found a staircase to the Orcish Mines.
  8396 | D:11     | Noticed a green ugly thing
  8397 | D:11     | Noticed a red ugly thing
  8403 | D:11     | Mangled by a red ugly thing

Vault maps used:
D:1:      zelgadis_glass_arrival_small
D:2:      uniq_terence
D:3:      overflow_temple_1_default
D:4:      grunt_temple_overflow_open, enter_ossuary_3, uniq_blork_the_orc,
          uniq_purgy, uniq_duvessa
D:5:      elyvilon_altar_1, serial_shops, shop_statue, first_bread,
          serial_bayou_ford_a, hangedman_decor_riveting, roderic_three_in_a_row,
          minmay_door_square, kennysheep_generic_room_3, uniq_prince_ribbit1,
          uniq_grinder
D:6:      minmay_temple_entry_glassed_door
D:7:      nicolae_whirlpool, kennysheep_mini, serial_curves, eino_curves_04,
          eino_curves_03, eino_curves_03, minmay_joined_circles, uniq_joseph
D:8:      lemuel_round_altar, serial_shops, shop
D:9:      uniq_psyche
D:10:     lair_entry_dummy, orc_0_dummy, uniq_fannar
D:11:     serial_glass, glass_columns_c, glass_columns_b
Ossuary:  ossuary_zaba_two_paths

Skill      XL: |  1  2  3  4  5  6  7  8  9 10 11 |
---------------+----------------------------------+-----
Axes           | 3 4 5 6 8 9 11 | 11.4
Fighting       | 4 5 6 8 10 11 | 11.5
Dodging        | 2 3 |  3.8
Armour         | 4 5 |  5.8
Shields        | 4 5 |  5.3
Invocations    | 4 6 8 |  8.0
Conjurations   | 1 2 |  2.7
Translocations | 1 2 |  2.6

Action                   |  1- 3 |  4- 6 |  7- 9 | 10-12 || total
-------------------------+-------+-------+-------+-------++-------
Melee: War axe           |    62 |    68 |       |       ||   130
       Headbutt          |     8 |    17 |    70 |    61 ||   156
       Whip              |       |    39 |   323 |       ||   362
       Hand axe          |       |       |    26 |   169 ||   195
 Cast: Apportation       |       |       |       |     1 ||     1
Invok: Slouch            |       |       |       |     1 ||     1
Evoke: Wand              |       |       |     1 |     3 ||     4
  Use: Scroll            |     5 |     8 |     7 |    11 ||    31
       Potion            |       |       |     3 |       ||     3
 Stab: Sleeping          |       |       |       |     2 ||     2
  Eat: Chunk             |       |     4 |     3 |     5 ||    12
       Meat ration       |       |       |     1 |       ||     1
       Fruit             |       |       |     2 |       ||     2
Armor: Scale mail        |    35 |     7 |       |       ||    42
       Chain mail        |       |    48 |    87 |    30 ||   165
       Troll leather arm |       |       |       |     6 ||     6
Dodge: Dodged            |    21 |    27 |    60 |    36 ||   144
Block: Shield            |    29 |    43 |   192 |   136 ||   400

Table legend:
 A = Spawn XP
 B = Non-spawn XP
 C = Spawn XP percentage of total XP
 D = Spawn monster count
 E = Non-spawn monster count
 F = Spawn count percentage of total count
 G = Total turns spent on level
                    A         B        C        D         E        F      G
               +---------+---------+-------+---------+---------+-------+---------
         Total |    1900 |   11450 |  14.2 |      38 |     264 |  12.6 |  8403
               +---------+---------+-------+---------+---------+-------+---------
           D:1 |      13 |      50 |  20.6 |       1 |      25 |   3.8 |   835
           D:2 |       4 |     115 |   3.4 |       2 |      18 |  10.0 |   458
           D:3 |       3 |      73 |   3.9 |       1 |      20 |   4.8 |   525
           D:4 |      72 |     583 |  11.0 |       3 |       9 |  25.0 |   637
           D:5 |      42 |    1062 |   3.8 |       5 |      20 |  20.0 |  1022
           D:6 |      63 |     560 |  10.1 |       2 |      16 |  11.1 |   620
           D:7 |     323 |    2502 |  11.4 |       8 |      29 |  21.6 |  1364
           D:8 |     115 |     905 |  11.3 |       5 |      22 |  18.5 |  1103
           D:9 |    1145 |    2368 |  32.6 |       6 |      20 |  23.1 |   665
          D:10 |     120 |    2555 |   4.5 |       5 |      25 |  16.7 |   521
          D:11 |       0 |     460 |   0.0 |       0 |       2 |   0.0 |   178
       Ossuary |       0 |     217 |   0.0 |       0 |      58 |   0.0 |   475
               +---------+---------+-------+---------+---------+-------+---------
